 Dungeon Crawl Stone Soup version 0.19-a0-1468-ge013c26 (webtiles) character file.

2593 sveltemanboy the Carver (level 9, -5/63 HPs)
             Began as a Human Fighter on Sept 7, 2016.
             Was a Believer of Okawaru.
             Blown up by an orc wizard (16 damage)
             ... with a wand of disintegration
             ... on level 7 of the Dungeon.
             The game lasted 00:23:29 (7774 turns).

sveltemanboy the Carver (Human Fighter)             Turns: 7774, Time: 00:23:30

Health: -5/63      AC: 11    Str: 20    XL:     9   Next: 89%
Magic:  12/12      EV: 10    Int:  9    God:    Okawaru [**....]
Gold:   236        SH:  5    Dex: 12    Spells: 0 memorised, 8 levels left

rFire  . . .     SeeInvis .     a - +0 long sword
rCold  . . .     Gourm    .     d - +0 scale mail
rNeg   . . .     Faith    .     y - +0 buckler
rPois  .         Spirit   .     C - +0 helmet
rElec  .         Dismiss  .     (no cloak)
rCorr  .         Reflect  .     J - +0 pair of gloves
MR     .....     Harm     .     H - +0 pair of boots
Stlth  ..........               (no amulet)
                                (no ring)
                                (no ring)

@: no status effects
A: mutation resistance 1, subdued magic 1
a: Heroism, Renounce Religion


You were on level 7 of the Dungeon.
You worshipped Okawaru.
Okawaru was pleased with you.
You were hungry.

You visited 2 branches of the dungeon, and saw 8 of its levels.

You collected 596 gold pieces.
You spent 360 gold pieces at shops.

Inventory:

Hand Weapons
 a - a +0 long sword (weapon)
 b - a +0 blowgun
Missiles
 w - 4 poisoned needles
 K - a javelin (quivered)
Armour
 c - a +0 shield
 d - a +0 scale mail (worn)
 y - a +0 buckler (worn)
 C - a +0 helmet (worn)
 H - a +0 pair of boots (worn)
 J - a +0 pair of gloves (worn)
Jewellery
 z - an uncursed ring of flight {unknown}
Wands
 h - a wand of paralysis (15/24)
 n - a wand of random effects (6/48)
 D - a wand of enslavement (14/24)
 E - a wand of random effects (27/48)
Scrolls
 e - 3 scrolls of enchant armour {unknown}
 g - 3 scrolls of blinking {unknown}
 i - 3 scrolls of amnesia {unknown}
 p - 5 scrolls of identify
 q - a scroll of fear {unknown}
 s - 4 scrolls of teleportation
 t - 2 scrolls of enchant weapon {unknown}
 v - 2 scrolls of random uselessness {unknown}
 A - a scroll of magic mapping {unknown}
 I - a scroll of remove curse {unknown}
Potions
 l - 2 potions of cure mutation
 u - 2 potions of magic
 x - 2 potions of brilliance
Comestibles
 f - 3 bread rations
 j - 2 slices of pizza
 k - a royal jelly
 o - 4 meat rations
 r - 2 beef jerkies


   Skills:
 - Level 3.0 Fighting
 * Level 9.8 Long Blades
 - Level 2.0 Throwing
 + Level 5.3 Armour
 - Level 2.2 Dodging
 - Level 5.0 Shields
 + Level 4.9 Invocations


You had 8 spell levels left.
You didn't know any spells.

Dungeon Overview and Level Annotations

Branches:
Dungeon (7/15)             Temple (1/1) D:5

Altars:
Ashenzari
Cheibriados
Dithmenos
Elyvilon
Fedhas
Gozag
Hepliaklqana
Kikubaaqudgha
Makhleb
Nemelex Xobeh
Okawaru
Ru
Sif Muna
Trog
Uskayaw
Vehumet
Xom
Yredelemnul
Zin
The Shining One

Shops:
D:6 *


Innate Abilities, Weirdness & Mutations

You are somewhat resistant to further mutation.
Your spells are a little easier to cast, but a little less powerful.


Message History

Unknown command.
You slash the orc!
You kill the orc!
The orc wizard casts a spell.
The orc wizard blinks!
Things that are here:
a trident; a ring mail; a javelin The orc wizard gestures wildly while chanting.
The orc wizard blinks!
The orc wizard zaps a wand.
You struggle to resist.
You hit the orc wizard but do no damage.
The orc wizard hits you but does no damage.
You closely miss the orc wizard. The orc wizard barely misses you.
You hit the orc wizard but do no damage.
The orc wizard gestures at you while chanting.
You easily resist.
You slash the orc wizard!
The orc wizard is severely wounded.
The orc wizard zaps a wand.
You are blasted!
You die...

#..# ##..# #...# #
###...# .... ##....#
#####
#.....#######..())#......
#................)((.(...
#.....#...o.#...###(.....
........<.@...## ......
#######......##.##.##
.....
..........##.##.##.#
.....
.........###.#..##.# ....
#............###.# ....
#)).....##.### ..#
#.......##..# ...
##.....####... #.
####)....## ...#


You could see an orc wizard.

Vanquished Creatures
  Grinder (D:5)
  The ghost of stickyfingers the Cleaver, an amateur HOMo (D:3)
  A hippogriff (D:7)
  A hungry ghost (D:7)
  Edmund (D:4)
  A sky beast (D:5)
  4 killer bees (D:7)
  2 centaurs
  A giant frog (D:6)
  3 scorpions
  A howler monkey (D:6)
  3 crimson imps
  A gnoll shaman (D:6)
  A centaur zombie (D:6)
  2 giant frog zombies
  4 hounds
  7 orc priests
  A giant frog skeleton (D:7)
  4 orc wizards
  5 worker ants
  A hound zombie (D:6)
  8 gnolls
  2 worker ant zombies (D:5)
  9 adders
  2 shadow imps
  2 oozes
  An adder skeleton (D:5)
  2 worms
  4 dart slugs
  3 giant geckos
  15 orcs
  8 giant cockroaches
  8 goblins
  9 hobgoblins
  5 jackals (D:3)
  5 quokkas
  2 ball pythons (D:2)
  10 bats
  A giant gecko zombie (D:5)
  5 giant newts
  8 kobolds
  2 quokka skeletons
  8 rats
165 creatures vanquished.

Vanquished Creatures (others)
  A killer bee (D:7)
1 creature vanquished.

Grand Total: 166 creatures vanquished

Notes
Turn   | Place    | Note
-------+----------+-------------------------------------------
     0 | D:1      | sveltemanboy the Human Fighter began the quest for the Orb.
     0 | D:1      | Reached XP level 1. HP: 18/18 MP: 1/1
   187 | D:1      | Reached XP level 2. HP: 24/24 MP: 2/2
   384 | D:1      | Reached XP level 3. HP: 29/29 MP: 3/3
   502 | D:1      | Reached skill level 3 in Long Blades
  1162 | D:2      | Reached XP level 4. HP: 35/35 MP: 4/4
  1752 | D:2      | Reached skill level 4 in Long Blades
  1752 | D:2      | Reached XP level 5. HP: 29/41 MP: 5/5
  2436 | D:3      | Noticed stickyfingers's ghost (amateur HOMo)
  2464 | D:3      | Killed stickyfingers's ghost
  2464 | D:3      | Reached skill level 5 in Long Blades
  2464 | D:3      | Reached skill level 1 in Throwing
  2464 | D:3      | Reached XP level 6. HP: 32/47 MP: 6/6
  2703 | D:3      | Found a blossoming altar of Fedhas.
  3703 | D:4      | Reached XP level 7. HP: 43/52 MP: 7/7
  4015 | D:4      | Found a shadowy altar of Dithmenos.
  4143 | D:4      | Noticed Edmund
  4181 | D:4      | Killed Edmund
  4181 | D:4      | Reached skill level 6 in Long Blades
  4181 | D:4      | Reached skill level 5 in Shields
  4390 | D:4      | Reached skill level 1 in Dodging
  4500 | D:4      | Reached XP level 8. HP: 23/58 MP: 8/8
  4717 | D:5      | Entered Level 5 of the Dungeon
  4717 | D:5      | Found a staircase to the Ecumenical Temple.
  4720 | Temple   | Entered the Ecumenical Temple
  4802 | Temple   | Became a worshipper of Warmaster Okawaru
  4852 | D:5      | Reached skill level 7 in Long Blades
  4859 | D:5      | Gained mutation: You are somewhat resistant to further mutation. [mutagenic meat]
  4865 | D:5      | Gained mutation: Your spells are a little easier to cast, but a little less powerful. [mutagenic meat]
  4894 | D:5      | Reached skill level 1 in Invocations
  5149 | D:5      | You fall through a shaft!
  5469 | D:5      | Found a shimmering altar of Xom.
  5523 | D:5      | Noticed Grinder
  5558 | D:5      | Killed Grinder
  5558 | D:5      | Reached * piety under Okawaru
  5665 | D:6      | Reached skill level 8 in Long Blades
  5914 | D:5      | Reached XP level 9. HP: 42/63 MP: 11/11
  6167 | D:6      | Found Qyafiwn's General Store.
  6171 | D:6      | Bought a potion of cure mutation for 300 gold pieces
  6171 | D:6      | Bought a scroll of teleportation for 36 gold pieces
  6171 | D:6      | Bought a scroll of identify for 24 gold pieces
  6682 | D:6      | Found a white marble altar of Elyvilon.
  6772 | D:6      | Reached ** piety under Okawaru
  6790 | D:6      | Reached skill level 9 in Long Blades
  7154 | D:7      | Reached skill level 5 in Armour
  7774 | D:7      | Blown up by an orc wizard

Vault maps used:
D:1:      wheals_arrival_linesprint
D:3:      fedhas_altar_1, serial_park_tiny_2, kennysheep_minor_cross,
          minmay_joined_circles
D:4:      first_bread, nicolae_dithmenos_the_darkroom, uniq_edmund
D:5:      nicolae_overflow_crystal_walls, uniq_grinder
D:6:      serial_shops, shop, elyvilon_altar_3
Temple:   hc_temple_tempest_star

Skill      XL: |  1  2  3  4  5  6  7  8  9 |
---------------+----------------------------+-----
Long Blades    | 3 4 5 6 8 9 |  9.8
Shields        | 4 5 |  5.0
Throwing       | 1 2 |  2.0
Dodging        | 1 2 |  2.2
Invocations    | 3 4 |  4.9
Armour         | 5 |  5.3
Fighting       | |  3.0

Action                   |  1- 3 |  4- 6 |  7- 9 || total
-------------------------+-------+-------+-------++-------
Melee: Long sword        |    92 |   297 |   496 ||   885
 Fire: Blowgun           |       |    28 |    85 ||   113
Throw: Stone             |    23 |     2 |     6 ||    31
       Tomahawk          |       |       |    11 ||    11
       Javelin           |       |       |     1 ||     1
Invok: Heroism           |       |       |     1 ||     1
Evoke: Wand              |       |       |     4 ||     4
  Use: Potion            |       |     7 |    11 ||    18
       Scroll            |       |       |     2 ||     2
 Stab: Confused          |       |       |     3 ||     3
  Eat: Chunk             |     1 |     9 |    17 ||    27
       Bread ration      |       |       |     1 ||     1
Armor: Scale mail        |    41 |   120 |   168 ||   329
       Skin              |       |     5 |       ||     5
Dodge: Dodged            |    16 |    72 |   170 ||   258
Block: Shield            |    32 |   115 |       ||   147
       Buckler           |       |    10 |    88 ||    98
